 Dungeon Crawl Stone Soup version bcrawl-1.37.2 (webtiles) character file.

Game seed: 4021053862485181649

111259 Mehrunes the Magician (level 4, 0/30 HPs)
             Began as a Mummy Fire Elementalist on Dec 14, 2022.
             Was an Initiate of Gozag.
             Slain by an iguana (7 damage)
             ... on level 3 of the Dungeon.
             The game lasted 00:04:51 (3124 turns).

Mehrunes the Magician (Mummy Fire Elementalist)     Turns: 3124, Time: 00:04:52

Health: 0/30       AC:  2    Str: 11    XL:     4   Next: 90%
Magic:  4/10       EV: 12    Int: 15    God:    Gozag
Gold:   423        SH:  0    Dex: 12    Spells: 3/11 levels left

rFire    x . .     GDR:     24% b - +0 mace
rCold    + . .     SeeInvis .   (no shield)
rNeg     + + +     Gourm    .   a - +0 robe
rPois    ∞         Faith    .   (no helmet)
rElec    .         Spirit   .   (no cloak)
rCorr    .         Reflect  .   (no gloves)
MR       .....     Clarity  +   (no boots)
Stlth    ++........             (no amulet)
HPRegen  0.15/turn              (no ring)
MPRegen  0.12/turn              (no ring)

@: no status effects
A: no food or potions, fire vulnerability, clarity, cold resistance 1, negative
energy resistance 3, torment resistance, unbreathing, strong hexes 1
a: Potion Petition, Call Merchant, Bribe Branch, Renounce Religion


You were on level 3 of the Dungeon.
You worshipped Gozag.
Gozag was aware of your devotion.
You were not hungry.

You visited 1 branch of the dungeon, and saw 4 of its levels.

You collected 472 gold pieces.
You paid 49 gold pieces to Gozag.

Inventory:

Hand Weapons
 b - a +0 mace (weapon)
Missiles
 d - 380 stones (quivered)
Armour
 a - a +0 robe (worn)
Jewellery
 j - a +5 amulet of reflection
Wands
 c - a wand of flame (4)
Scrolls
 e - 2 scrolls of immolation {unknown}
 f - a scroll of magic mapping {unknown}
 g - 2 scrolls of remove curse {unknown}
 h - 3 scrolls of teleportation {unknown}
 i - 5 scrolls of identify
 k - a scroll of enchant armour {unknown}
 l - a scroll of amnesia {unknown}


   Skills:
 - Level 1.5 Dodging
 - Level 2.1 Stealth
 + Level 4.3 Spellcasting
 + Level 2.2 Conjurations
 + Level 3.3 Fire Magic


You had 3 spell levels left.
You knew the following spells:

 Your Spells              Type           Power        Failure   Level  Hunger
a - Flame Tongue          Conj/Fire      ##...        5%          1    N/A
b - Conjure Flame         Conj/Fire      ##......     17%         3    N/A
c - Sticky Flame          Conj/Fire      ##......     50%         4    N/A

Your spell library contained the following spells:

 Spells                   Type           Power        Failure   Level  Hunger
 Flaming Arrows           Chrm/Fire      #.......     13%         2    N/A
 Inner Flame              Hex/Fire       N/A          26%         3    N/A
 Fireball                 Conj/Fire      ##........   83%         5    N/A

Dungeon Overview and Level Annotations

Branches:
Dungeon (4/12)
 Temple: D:4-7

Altars:
Gozag
Vehumet


Innate Abilities, Weirdness & Mutations

You do not eat or drink.
Your flesh is vulnerable to fire.
You are immune to poison.
You possess an exceptional clarity of mind.
Your flesh is cold resistant. (rC+)
You are immune to negative energy. (rN+++)
You are immune to unholy pain and torment.
You can survive without breathing.
Your hexes are more powerful.


Message History

The hound barely misses you. The iguana bites you.
The hound closely misses you.
Casting: Flame Tongue (safe; 5% risk of failure)
Confirm with . or Enter, or press ? or * to list all spells.
Aiming: Flame Tongue (safe; 5% risk of failure)
Press: ? - help, Shift-Dir - straight line, f/p - hound
Aim: a hound (severely wounded)
The flame tongue misses the hound.
The hound misses you. The iguana misses you.
Casting: Flame Tongue (safe; 5% risk of failure)
Confirm with . or Enter, or press ? or * to list all spells.
Aiming: Flame Tongue (safe; 5% risk of failure)
Press: ? - help, Shift-Dir - straight line, f/p - hound
Aim: a hound (severely wounded)
The flame tongue hits the hound.
The hound is almost dead.
The hound bites you.
* * * LOW HITPOINT WARNING * * *
The iguana bites you!
You die...
Your body crumbles into a pile of gold.

...#
######...####.#.#
...# #...##...#.#
...# ######.###.#
...# #.# #.# ...#
#.# #.# ...######
#.# #.# ........##
#.# #.###
.........# #h#
#...#
..#.###..#######@#
###.# ...##
#..##....l.# #.#
..## ##..##.######
#.# ..# #...##.#
#.# ### #......#
#.# #.######
######.# #.#
#......# #.#
#.###### #.# #.#


You could see an iguana and a hound.

Vanquished Creatures
  4 adders (D:3)
  2 oozes (D:3)
  A worm (D:3)
  3 dart slugs
  4 leopard geckos (D:1)
  8 giant cockroaches
  4 goblins
  8 hobgoblins
  10 jackals
  A quokka (D:3)
  9 bats
  5 frilled lizards
  6 kobolds
  4 rats
69 creatures vanquished.

Notes
Turn   | Place    | Note
-------+----------+-------------------------------------------
     0 | D:1      | Mehrunes the Mummy Fire Elementalist began the quest for
                  | the Orb.
     0 | D:1      | Reached XP level 1. HP: 13/13 MP: 4/4
    96 | D:1      | Reached skill level 1 in Conjurations
   153 | D:1      | Reached skill level 3 in Spellcasting
   281 | D:1      | Reached XP level 2. HP: 19/19 MP: 3/6
   571 | D:1      | Reached XP level 3. HP: 22/24 MP: 4/7
  1150 | D:2      | Found an opulent altar of Gozag.
  1150 | D:2      | Found a radiant altar of Vehumet.
  1202 | D:2      | Became a worshipper of Gozag Ym Sagoz the Greedy
  1450 | D:2      | Learned a level 3 spell: Conjure Flame
  2216 | D:3      | Reached XP level 4. HP: 22/30 MP: 0/9
  2340 | D:3      | Reached skill level 4 in Spellcasting
  2636 | D:3      | Learned a level 4 spell: Sticky Flame
  3124 | D:3      | Slain by an iguana

Skill      XL: |  1  2  3  4 |
---------------+-------------+-----
Conjurations   | 1 2 |  2.2
Spellcasting   | 3 4 |  4.3
Fire Magic     | 3 |  3.3
Dodging        | |  1.5
Stealth        | |  2.1

Action                   |  1- 3 |  4- 6 || total
-------------------------+-------+-------++-------
Melee: Mace              |     5 |       ||     5
 Cast: Flame Tongue      |    94 |    46 ||   140
Armor: Robe              |    22 |     4 ||    26
Dodge: Dodged            |    50 |    21 ||    71
